AoeStats
← glenjerman878

Arabia

509978713Analyzed
1v1 RM · 5d ago on Sep 28, 2026· 78m 33s· 2 players
Game mode
Random Map
Map size
Tiny (2 player)
Population
200
Speed
Normal
Resources
Standard
Victory
Conquest
Starting age
Dark Age
Ending age
Imperial Age
RankedLock teamsTeams togetherTeam positionsShared explorationLock speedFull tech treeHidden civsTurbo modeCheats
Victory
Defeat
🇺🇸 Lithuanians · United States
1165
+17
🇦🇷 Georgians · Argentina
1185
-17
glenjerman878
7:24 Loom
9:45 Feudal Age
10:18 Double-Bit Axe
18:21 Castle Age
16:33 Horse Collar
17:58 Scale Barding Armor
18:23 Bloodlines
18:19 Gold Mining
20:44 Bow Saw
23:27 Chain Barding Armor
23:58 Heavy Plow
24:31 Husbandry
23:54 Elite Skirmisher
25:33 Fletching
25:43 Padded Archer Armor
26:39 Stone Mining
27:32 Bodkin Arrow
30:40 Forging
31:34 Wheelbarrow
32:36 Ballistics
35:31 Imperial Age
34:05 Iron Casting
35:17 Padded Archer Armor
36:17 Bracer
36:33 Leather Archer Armor
36:14 Cavalier
38:04 Pikeman
38:44 Squires
40:23 Conscription
41:34 Chemistry
41:46 Plate Barding Armor
41:43 Ring Archer Armor
42:22 Tower Shields
42:31 Tower Shields
44:12 Crop Rotation
45:00 Elite Leitis
45:56 Halberdier
47:24 Scale Mail Armor
57:29 Light Cavalry
62:16 Hand Cart
62:54 Winged Hussar
66:11 Murder Holes
Lady Malbec
7:26 Loom
9:12 Feudal Age
10:31 Double-Bit Axe
11:22 Horse Collar
17:12 Wheelbarrow
19:50 Castle Age
18:17 Fletching
19:33 Town Watch
20:20 Gold Mining
21:05 Bodkin Arrow
25:24 Padded Archer Armor
25:42 Bloodlines
25:32 Husbandry
31:41 Imperial Age
30:31 Sanctity
30:53 Ballistics
31:04 Town Patrol
31:22 Leather Archer Armor
32:56 Block Printing
34:23 Scale Barding Armor
35:10 Heavy Plow
34:37 Cavalier
37:12 Chain Barding Armor
37:37 Theocracy
38:27 Crop Rotation
38:39 Devotion
38:53 Forging
39:57 Plate Barding Armor
40:19 Conscription
41:10 Iron Casting
41:02 Bow Saw
42:04 Hand Cart
42:20 Bracer
50:57 Blast Furnace
50:59 Heavy Cavalry Archer
51:26 Light Cavalry
58:00 Hussar
62:34 Elite Skirmisher
71:22 Parthian Tactics
Connection lost

Rejoining the realm…

Still unreachable

The connection could not be restored.

Session expired

The server has moved on; the page needs a fresh start.